 Dungeon Crawl Stone Soup version 0.23-a0-730-g0b75920 (webtiles) character file.

10000 Tovarisch the Cleaver (level 11, -10/60 HPs)
             Began as a Vine Stalker Berserker on Jan 17, 2019.
             Was a High Priest of Trog.
             Mangled by a two-headed ogre
             ... wielding a +0 giant club
              (17 damage)
             ... on level 11 of the Dungeon.
             The game lasted 00:16:27 (7948 turns).

Tovarisch the Cleaver (Vine Stalker Berserker)      Turns: 7948, Time: 00:16:28

Health: -10/60     AC: 19    Str: 24    XL:     11   Next: 55%
Magic:  0/15       EV: 11    Int:  7    God:    Trog [*****.]
Gold:   717        SH:  0    Dex: 13    Spells: 10/10 levels left

rFire    + . .     SeeInvis +   s - +7 war axe (chop)
rCold    + . .     Gourm    .   (no shield)
rNeg     . . .     Faith    .   j - +2 chain mail {rF+}
rPois    .         Spirit   +   U - +2 hat {SInv}
rElec    .         Reflect  .   (no cloak)
rCorr    .         Harm     .   x - +2 pair of gloves
MR       +....                  u - +1 pair of boots
Stlth    ..........             (no amulet)
HPRegen  0.60/turn              C - +4 ring of slaying
MPRegen  0.14/turn              S - ring of protection from cold

@: no status effects
A: fangs 3, regeneration 1, magic shield, antimagic bite, no potion heal 3, rot
immunity
a: Berserk, Trog's Hand, Brothers in Arms, Renounce Religion


You were on level 11 of the Dungeon.
You worshipped Trog.
Trog was extremely pleased with you.
You were not hungry.

You visited 1 branch of the dungeon, and saw 11 of its levels.
You also visited: Sewer.

You collected 717 gold pieces.

Inventory:

Hand Weapons
 a - a +4 flail of protection
 p - a +0 blowgun
 s - a +7 war axe of chopping (weapon)
 R - a +0 scimitar of flaming
Missiles
 m - 6 silver javelins (quivered)
 O - 3 curare-tipped needles
 P - 7 needles of paralysis
Armour
 j - a +2 chain mail of fire resistance (worn)
 u - a +1 pair of boots (worn)
 x - a +2 pair of gloves (worn)
 U - a +2 hat of see invisible (worn)
Jewellery
 h - an uncursed ring of protection from cold
 B - an uncursed ring of ice
 C - a +4 ring of slaying (left hand)
 S - a ring of protection from cold (right hand)
Wands
 n - a wand of paralysis (13)
 y - a wand of random effects (19)
 I - a wand of polymorph (6)
 K - a wand of acid (8)
 N - a wand of disintegration (10)
Scrolls
 c - a scroll of remove curse
 i - 4 scrolls of blinking
 k - 4 scrolls of fog
 t - a scroll of teleportation
 w - a scroll of enchant armour
 D - 2 scrolls of immolation
 F - a scroll of silence {unknown}
 J - a scroll of enchant weapon
 L - 2 scrolls of amnesia
Potions
 b - a potion of brilliance
 d - 2 potions of lignification
 g - 4 potions of magic
 o - 5 potions of might
 q - 4 potions of curing
 E - 2 potions of ambrosia {unknown}
 G - a potion of berserk rage
 H - a potion of agility
 M - 2 potions of flight
Comestibles
 e - 15 rations
 T - 3 chunks of flesh


   Skills:
 + Level 7.9 Fighting
 * Level 10.8 Axes
 + Level 6.1 Armour
 + Level 6.1 Dodging
 + Level 4.3 Evocations


You had 10 spell levels left.
You didn't know any spells.
Your spell library was empty.

Dungeon Overview and Level Annotations

Branches:
Dungeon (11/15)              Lair (0/6) D:8             Orc (0/2) D:10
 Temple: D:4-7

Altars:
Ashenzari
Dithmenos
Elyvilon
Fedhas
Gozag
Kikubaaqudgha
Makhleb
Qazlal
Sif Muna
Trog
Uskayaw
Wu Jian
Xom
Beogh

Annotations:
D:8 1 runed door, George's ghost, novice MiFi


Innate Abilities, Weirdness & Mutations

You have razor-sharp teeth.
Your natural rate of healing is unusually fast.
When hurt, damage is shared between your health and your magic reserves.
Your bite disrupts and absorbs the magic of your enemies.
Potions cannot restore your health.
You are immune to rotting.


Message History

The two-headed ogre barely misses you.
The two-headed ogre hits you but does no damage.
A hound comes into view.
The hound barks!
You slash the hound! You bite the hound! You drain its power.
You feel invigorated.
The hound is almost dead.
The hound bites you but does no damage.
A yak comes into view.
The hound bites you but does no damage.
You barely miss the hound.
The yak bellows!
You bite the hound.
You kill the hound!
Trog accepts your kill.
You slash the two-headed ogre!
The two-headed ogre hits you with a +0 giant club!
* * * LOW HITPOINT WARNING * * *
The two-headed ogre hits you with a +0 giant spiked club!!
You die...

*,,,,,,***+*****+*****+
**,,,,..█,,,,,*,,,,,*,,,
*,,***█Y█****,**,*,**,*,
*,,* █.+,,,,,+,,,,,+,,8
*,,* █.█,*****,*,*,*,*,
*,,* █.█,,,,,*,,,,,*,,,
*,,* █.█**+*****+*****+
*,,* █.█,,*,**,,,,,**,*
**,,* █@█,,*,**,***,*,,*
*,,,* █O+,*,*,+,,,*,+,*,
*,█.████.█*,*,,*,***,*,*,
*,█......█*,*,,*,,,,,*,*,
*,█.███..█**+*****+*****+
*,*,*


██u█ *,,**,,,,,*,,, *,*,* █.█**,,**,,,,,*,,, *,*,* █.+,,*,,+,,,,,+,,, *,*,*
█.█*,,***,,,,,*,,, You could see a purple ugly thing, a two-headed ogre and a
yak.

Vanquished Creatures
  Fannar (D:10)
  A two-headed ogre (D:9)
  Erica (D:8)
  An ugly thing (D:10)
  Psyche (D:8)
  Grinder (D:4)
  A troll (D:9)
  3 hornets (D:8)
  Prince Ribbit (D:8)
  A hippogriff (D:10)
  6 yaks (D:11)
  A hungry ghost (D:9)
  3 vampire mosquitoes (D:10)
  Edmund (D:4)
  3 orc warriors
  3 ice beasts
  4 ogres
  2 sky beasts
  A black bear (D:9)
  3 centaurs
  A crocodile (D:11)
  Blork the orc (D:6)
  A big kobold (D:10)
  4 bullfrogs
  2 scorpions
  10 wights
  3 howler monkeys
  4 crimson imps
  3 bullfrog zombies
  5 hounds
  A centaur skeleton (D:5)
  12 orc priests
  2 jellies
  11 orc wizards
  Terence (D:2)
  An iguana (D:9)
  7 worker ants
  Robin (D:2)
  10 adders
  6 river rats
  2 oozes
  An adder zombie (D:5)
  An adder skeleton (D:4)
  7 worms
  4 dart slugs
  3 leopard geckos
  61 orcs
  5 giant cockroaches
  18 goblins
  9 hobgoblins
  2 jackals (D:11)
  12 ball pythons
  6 bats
  9 frilled lizards
  A jackal skeleton (D:4)
  10 kobolds
  3 leopard gecko skeletons
  A quokka zombie (D:5)
  33 rats
313 creatures vanquished.

Vanquished Creatures (collateral kills)
  A cyclops (D:10)
1 creature vanquished.

Grand Total: 314 creatures vanquished

Notes
Turn   | Place    | Note
-------+----------+-------------------------------------------
     0 | D:1      | Tovarisch the Vine Stalker Berserker began the quest for
                  | the Orb.
     0 | D:1      | Reached XP level 1. HP: 11/11 MP: 2/2
   223 | D:1      | Reached skill level 3 in Axes
   251 | D:1      | Reached XP level 2. HP: 16/16 MP: 3/3
   472 | D:1      | Reached XP level 3. HP: 20/20 MP: 4/4
   975 | D:2      | Noticed Terence
   988 | D:2      | Killed Terence
   988 | D:2      | Gained mutation: Your natural rate of healing is unusually
                  | fast. [Vine Stalker growth]
   988 | D:2      | Reached XP level 4. HP: 24/24 MP: 5/5
  1108 | D:2      | Reached skill level 4 in Axes
  1275 | D:2      | Reached ** piety under Trog
  1455 | D:2      | Found a white marble altar of Elyvilon.
  1522 | D:2      | Noticed Robin
  1589 | D:2      | Killed Robin
  1781 | D:3      | Reached XP level 5. HP: 22/28 MP: 6/6
  1893 | D:3      | Found a glowing drain.
  1901 | Sewer    | Entered a sewer
  2001 | Sewer    | Reached *** piety under Trog
  2107 | Sewer    | Reached skill level 5 in Axes
  2202 | Sewer    | Reached XP level 6. HP: 33/33 MP: 7/7
  2449 | D:3      | Found an ornate altar of the Wu Jian Council.
  2550 | D:3      | Reached **** piety under Trog
  2913 | D:4      | Noticed Grinder
  2913 | D:4      | Noticed Edmund
  2925 | D:4      | Killed Edmund
  2925 | D:4      | Reached XP level 7. HP: 38/38 MP: 8/8
  2932 | D:4      | Killed Grinder
  2932 | D:4      | Reached skill level 6 in Axes
  2984 | D:4      | Found a shattered altar of Ashenzari.
  3200 | D:4      | Found a deep blue altar of Sif Muna.
  3229 | D:4      | Found a stormy altar of Qazlal.
  3231 | D:4      | Noticed a water elemental
  3232 | D:4      | Noticed a fire elemental
  3232 | D:4      | Noticed an air elemental
  3296 | D:4      | Gained mutation: You have razor-sharp teeth. [Vine Stalker
                  | growth]
  3296 | D:4      | Reached XP level 8. HP: 42/42 MP: 9/9
  3374 | D:4      | Reached skill level 5 in Fighting
  3567 | D:5      | Entered Level 5 of the Dungeon
  3738 | D:5      | Found a blossoming altar of Fedhas.
  3903 | D:5      | Reached skill level 7 in Axes
  4082 | D:5      | Found a shadowy altar of Dithmenos.
  4083 | D:5      | Found a burning altar of Makhleb.
  4445 | D:6      | Noticed Blork the orc
  4457 | D:6      | Killed Blork the orc
  4896 | D:6      | Reached XP level 9. HP: 25/48 MP: 5/10
  5005 | D:7      | Reached ***** piety under Trog
  5005 | D:7      | Reached skill level 8 in Axes
  5407 | D:7      | Found an ancient bone altar of Kikubaaqudgha.
  5407 | D:7      | Found an opulent altar of Gozag.
  5455 | D:7      | Found a bloodstained altar of Trog.
  5831 | D:8      | Noticed Psyche
  5840 | D:8      | Killed Psyche
  5874 | D:8      | Noticed Prince Ribbit
  5890 | D:8      | Killed Prince Ribbit
  5956 | D:8      | Noticed Erica
  5966 | D:8      | Killed Erica
  5966 | D:8      | Reached skill level 9 in Axes
  5966 | D:8      | Reached skill level 1 in Evocations
  5966 | D:8      | Reached XP level 10. HP: 51/53 MP: 10/12
  6150 | D:8      | Received a gift from Trog
  6224 | D:8      | Found a runed door.
  6224 | D:8      | Found a shimmering altar of Xom.
  6224 | D:8      | Noticed a +1 dagger of chaos
  6224 | D:8      | Noticed George's ghost (novice MiFi)
  6364 | D:8      | Found a staircase to the Lair.
  6454 | D:8      | Received a gift from Trog
  6454 | D:8      | Reached skill level 5 in Armour
  6454 | D:8      | Paralysed by a hornet for 2 turns
  6460 | D:8      | Paralysed by a hornet for 3 turns
  6464 | D:8      | Reached skill level 5 in Dodging
  6872 | D:9      | Noticed a two-headed ogre
  6881 | D:9      | Killed a two-headed ogre
  7126 | D:9      | Reached skill level 10 in Axes
  7149 | D:9      | Found a hide-covered altar of Uskayaw.
  7274 | D:10     | Entered Level 10 of the Dungeon
  7274 | D:10     | Noticed Fannar
  7371 | D:10     | Killed Fannar
  7371 | D:10     | Reached XP level 11. HP: 53/58 MP: 14/14
  7466 | D:10     | Found a staircase to the Orcish Mines.
  7483 | D:10     | Found a roughly hewn altar of Beogh.
  7601 | D:10     | Noticed a red ugly thing
  7612 | D:10     | Killed a red ugly thing
  7844 | D:10     | Noticed Urug
  7845 | D:10     | Noticed Urug
  7845 | D:10     | Urug changed into Urug the cyclops
  7849 | D:10     | Killed Urug the cyclops
  7930 | D:11     | Noticed a two-headed ogre
  7930 | D:11     | Noticed a purple ugly thing
  7948 | D:11     | Mangled by a two-headed ogre

Vault maps used:
D:1:      lightli_arrival_statue_moat
D:2:      elyvilon_altar_3, first_ration, uniq_robin, uniq_terence
D:3:      lemuel_crystal_altar, portal_sewer_entry_e
D:4:      cheibrodos_quashed, nicolae_qazlal_style_of_elements,
          lemuel_blue_sif_altar, ashenzari_altar_1, uniq_grinder, uniq_edmund
D:5:      minitemple, kennysheep_diamond
D:6:      uniq_blork_the_orc
D:7:      lightli_temple_of_fire, gammafunk_temple_overflow_elements,
          minmay_temple_entry_from_below_a
D:8:      lair_entry_dummy, serial_column_ruins, column_ruins_grid_5,
          column_ruins_corridor_corner, column_ruins_grid_1,
          column_ruins_columns_corner, column_ruins_grid_3,
          column_ruins_open_tiny, ebering_ghost_xom, special_room,
          hangedman_pestilent_swarm, uniq_erica, uniq_prince_ribbit1,
          uniq_psyche
D:9:      serial_column_ruins, column_ruins_temple_circle,
          column_ruins_hut_pillars, column_ruins_corridor_corner,
          column_ruins_open_tiny_water, column_ruins_grid_3,
          column_ruins_grid_1, column_ruins_open_large, column_ruins_grid_1
D:10:     minmay_orc_entry_temple_small, uniq_urug, uniq_fannar
D:11:     minmay_the_grid_square_5x5_4x4, portal_ice_cave_demonic_guard,
          serial_shops, nicolae_shop_behind_doors
Sewer:    sewer_minmay_w

Skill      XL: |  1  2  3  4  5  6  7  8  9 10 11 |
---------------+----------------------------------+-----
Axes           | 3 4 5 6 7 9 10 | 10.8
Fighting       | 3 4 5 6 7 |  7.9
Armour         | 2 3 4 5 6 |  6.1
Dodging        | 2 3 4 5 6 |  6.1
Evocations     | 1 3 4 |  4.3

Action                   |  1- 3 |  4- 6 |  7- 9 | 10-12 || total
-------------------------+-------+-------+-------+-------++-------
Melee: Hand axe          |    58 |   236 |   113 |       ||   407
       Bite              |    19 |    51 |    75 |    92 ||   237
       War axe           |       |       |   118 |   262 ||   380
Invok: Berserk           |       |     2 |     1 |     1 ||     4
       Trog's Hand       |       |       |       |     1 ||     1
       Brothers in Arms  |       |       |       |     1 ||     1
Evoke: Wand              |       |       |       |     1 ||     1
  Use: Scroll            |       |       |     9 |    10 ||    19
       Potion            |       |       |       |     1 ||     1
  Eat: Chunk             |       |     7 |     9 |     7 ||    23
       Ration            |       |       |     1 |     1 ||     2
Armor: Plate armour      |    35 |   252 |   111 |       ||   398
       Animal skin       |     5 |       |       |       ||     5
       Chain mail        |       |       |    24 |   144 ||   168
Dodge: Dodged            |    25 |    93 |    75 |   113 ||   306

Table legend:
 A = Non-vault XP
 B = Vault XP
 C = Vault XP percentage of total XP
 D = Non-vault monster count
 E = Vault monster count
 F = Vault count percentage of total count
                 A         B        C        D         E       F
            +---------+---------+-------+---------+---------+-------
      Total |    9025 |    5261 |  36.8 |     198 |     116 |  36.9
            +---------+---------+-------+---------+---------+-------
        D:1 |      46 |       0 |   0.0 |      23 |       0 |   0.0
        D:2 |      46 |      71 |  60.7 |      15 |      12 |  44.4
        D:3 |      31 |      28 |  47.5 |      16 |       8 |  33.3
        D:4 |     235 |     459 |  66.1 |      13 |       2 |  13.3
        D:5 |     560 |      13 |   2.3 |      26 |       1 |   3.7
        D:6 |     669 |      91 |  12.0 |      12 |       1 |   7.7
        D:7 |     672 |       0 |   0.0 |      15 |       0 |   0.0
        D:8 |     537 |    2742 |  83.6 |      12 |      31 |  72.1
        D:9 |    2153 |      93 |   4.1 |      24 |       1 |   4.0
       D:10 |    2120 |    1442 |  40.5 |      21 |      12 |  36.4
       D:11 |    1956 |       0 |   0.0 |      21 |       0 |   0.0
      Sewer |       0 |     322 | 100.0 |       0 |      48 | 100.0
            +---------+---------+-------+---------+---------+-------
